 Dungeon Crawl Stone Soup version 0.20.1-1-g8b1a95d (webtiles) character file.

49 StigmataCrucible the Vexing (level 3, -2/20 HPs)
             Began as a Deep Elf Arcane Marksman on Sept 3, 2017.
             Slain by a worm (10 damage)
             ... on level 3 of the Dungeon on Sept 5, 2017.
             The game lasted 00:20:49 (2900 turns).

StigmataCrucible the Vexing (DEAM)                  Turns: 2900, Time: 00:20:50

Health: -2/20      AC:  2    Str:  7    XL:     3   Next: 51%
Magic:  6/7        EV: 13    Int: 17    God:
Gold:   141        SH:  0    Dex: 16    Spells: 4/5 levels left

rFire    . . .     SeeInvis .   i - +4 whip (distort)
rCold    . . .     Gourm    .   (no shield)
rNeg     . . .     Faith    .   a - +0 robe
rPois    .         Spirit   .   (no helmet)
rElec    .         Reflect  .   (no cloak)
rCorr    .         Harm     .   (no gloves)
MR       .....                  (no boots)
Stlth    ++........             (no amulet)
Regen    0.1/turn               k - ring of flight
MPRegen  0.1/turn               (no ring)

@: no status effects
A: no striking features
a: Evoke Flight


You were on level 3 of the Dungeon.
You were not hungry.

You visited 1 branch of the dungeon, and saw 3 of its levels.

You collected 141 gold pieces.

Inventory:

Hand Weapons
 i - a +4 whip of distortion (weapon)
 j - a cursed -1 short sword
 m - a +0 dagger
Missiles
 g - 5 large rocks
 y - 14 arrows
Armour
 a - a +0 robe (worn)
 h - a +0 scale mail
 l - a +0 ring mail
 p - a +0 leather armour
Jewellery
 k - a ring of flight (left hand)
Scrolls
 u - a scroll of magic mapping
 v - a scroll of amnesia
Potions
 e - a potion of mutation {unknown}
 n - a potion of lignification {unknown}
 o - a potion of ambrosia {unknown}
 q - a potion of berserk rage {unknown}
 t - a potion of might
 x - a potion of agility {unknown}
Books
 b - a book of Debilitation

   Spells                             Type                      Level
   a - Corona                         Hexes                        1
   b - Slow                           Hexes                        2
   c - Inner Flame                    Hexes/Fire                   3
   d - Portal Projectile              Hexes/Translocation          3
   e - Cause Fear                     Hexes                        4
   f - Leda's Liquefaction            Hexes/Earth                  4
Comestibles
 f - a bread ration
 r - 2 fruits
 s - 2 meat rations
 w - a royal jelly


   Skills:
 + Level 0.8 Fighting
 + Level 0.2 Maces & Flails
 + Level 2.6 Throwing
 + Level 2.9 Dodging
 + Level 1.0 Stealth
 + Level 1.6 Spellcasting
 + Level 4.8 Hexes


You had 4 spell levels left.
You knew the following spells:

 Your Spells              Type           Power        Failure   Level  Hunger
a - Corona                Hex            ###....      2%          1    ##.....


Dungeon Overview and Level Annotations

Branches:
Dungeon (2/15)

Altars:
Vehumet
Xom

Portals:
Sewer: D:3


Message History

The river rat is heavily wounded.
The river rat twitches its whiskers.
The river rat bites you! The river rat closely misses you.
Throwing (i - inventory. (,) - cycle):
c - a javelin (quivered)
Press: ? - help, Shift-Dir - straight line, f/p - river rat
Aim: a river rat (heavily wounded, softly glowing)
You throw a javelin. The javelin hits the river rat.
The river rat is almost dead.
The river rat stops glowing.
The river rat barely misses you.
Throwing (i - inventory):
d - a throwing net (quivered)
Press: ? - help, Shift-Dir - straight line, f/p - river rat
Aim: a river rat (almost dead)
You throw a throwing net.
The throwing net closely misses the river rat.
The river rat closely misses you. The worm bites you.
The river rat bites you but does no damage.
Found a large zirconium amulet.
You completely miss the worm. The river rat misses you. The worm bites you!
Ouch! That really hurt!
You die...

####### #.....#
#.....##
#......#####..##
#.......@.......
#......rw.......
......#.##≈≈.≈≈##.
###..##.##≈≈.≈≈#
##. ..≈≈..≈..≈≈
#.##.≈≈....≈≈≈.
#.≈≈..∩.....
..≈≈....(≈≈"


You could see a worm and a river rat.

Vanquished Creatures
  A worm (D:2)
  2 leopard geckos (D:1)
  7 bats
  2 giant cockroaches (D:2)
  3 goblins
  9 hobgoblins
  5 kobolds
  3 ball pythons
  3 rats (D:1)
35 creatures vanquished.

Vanquished Creatures (others)
  A worm (D:2)
1 creature vanquished.

Grand Total: 36 creatures vanquished

Notes
Turn   | Place    | Note
-------+----------+-------------------------------------------
     0 | D:1      | StigmataCrucible the Deep Elf Arcane Marksman began the quest for the Orb.
     0 | D:1      | Reached XP level 1. HP: 11/11 MP: 5/5
   790 | D:1      | Reached XP level 2. HP: 16/16 MP: 6/6
  1945 | D:2      | Reached XP level 3. HP: 20/20 MP: 7/7
  2136 | D:2      | Found a shimmering altar of Xom.
  2142 | D:2      | Reached skill level 1 in Stealth
  2256 | D:2      | Found a radiant altar of Vehumet.
  2888 | D:2      | You fall through a shaft!
  2889 | D:3      | Found a glowing drain.
  2900 | D:3      | Slain by a worm

Skill      XL: |  1  2  3 |
---------------+----------+-----
Stealth        | 1 |  1.0
Fighting       | |  0.8
Maces & Flails | |  0.2
Throwing       | |  2.6
Dodging        | |  2.9
Spellcasting   | |  1.6
Hexes          | |  4.8

Action                   || total
-------------------------++-------
Melee: Whip              ||    48
       Unarmed           ||     4
Throw: Javelin           ||    40
       Throwing net      ||     3
 Cast: Corona            ||     1
  Use: Scroll            ||     8
       Potion            ||     1
  Eat: Royal jelly       ||     2
       Chunk             ||     1
       Fruit             ||     1
Armor: Robe              ||    22
Dodge: Dodged            ||    83
